 Dungeon Sprint DCSS version 0.17-a0-1804-gf6433eb (webtiles) character file.

112 nuthulu the Shield-Bearer (level 4, -10/45 HPs)
             Began as a Minotaur Fighter on Sept 11, 2015.
             Mangled by a soul eater (12 damage)
             ... summoned by a kobold demonologist
             ... in the Dungeon (Sprint III: "The Ten Rune Challenge").
             The game lasted 00:01:26 (348 turns).

nuthulu the Shield-Bearer (Minotaur Fighter)         Turns: 348, Time: 00:01:27

Health: -10/45     AC:  7    Str: 20    XL:     4   Next: 64%
Magic:  3/3        EV:  8    Int:  5    God:
Gold:   26         SH: 10    Dex: 11    Spells: 0 memorised, 3 levels left

rFire  . . .     SeeInvis .     a - +0 war axe
rCold  . . .     Clarity  .     b - +0 scale mail
rNeg   . . .     SustAt   .     c - +0 shield
rPois  .         Gourm    .     (helmet restricted)
rElec  .         Spirit   .     (no cloak)
rCorr  .         Warding  .     (no gloves)
rMut   .         NoTele   +     (no boots)
MR     .....                    (no amulet)
Stlth  ..........               (no ring)
                                (no ring)

@: drained, not resistant to hostile enchantments, extremely unstealthy
A: retaliatory headbutt, horns 2, wild magic 2
a: no special abilities


You were in the Dungeon.
You were not hungry.

You visited 1 branch You collected 26 gold pieces.

Inventory:

Hand weapons
 a - a +0 war axe (weapon)
Armour
 b - a +0 scale mail (worn)
 c - a +0 shield (worn)
Scrolls
 k - a scroll of blinking
 n - a scroll of immolation {unknown}
 o - a scroll of magic mapping {unknown}
 p - 3 scrolls of remove curse
 s - a scroll of torment {unknown}
 t - a scroll of identify
Potions
 f - a potion of curing
 g - a potion of heal wounds
 h - 2 potions of haste
 i - 2 potions of magic
 j - a potion of berserk rage
 l - a potion of agility {unknown}
 r - a potion of brilliance {unknown}
 u - a potion of cure mutation
 v - 2 potions of flight
Comestibles
 e - 2 bread rations
 q - a royal jelly


   Skills:
 + Level 6.5(6.2) Fighting
 + Level 6.0(5.7) Axes
 + Level 6.5(6.2) Armour
 + Level 6.8(6.5) Shields


You had 3 spell levels left.
You didn't know any spells.

Dungeon Overview and Level Annotations

Branches:
Dungeon (1/1)

Altars:
Kikubaaqudgha
Sif Muna
Vehumet


Innate Abilities, Weirdness & Mutations

You reflexively headbutt those who attack you in melee.
You have a pair of horns on your head.
Your spells are harder to cast, but more powerful.


Message History

The bolt of poison misses you.
Unknown command.
You barely miss the soul eater.
Unknown command.
The soul eater hits you!!
The kobold demonologist gestures wildly while chanting.
There is a fountain of clear blue water here.
The soul eater draws from the surrounding life force!
* * * LOW HITPOINT WARNING * * *
You block the kobold demonologist's attack.
Unknown command.
You barely miss the kobold demonologist.
Your headbutt misses the kobold demonologist.
You closely miss the soul eater. The soul eater hits you.
* * * LOW HITPOINT WARNING * * *
You feel drained.
* * * LOW HITPOINT WARNING * * *
The kobold demonologist barely misses you.
The soul eater hits you!
You die...

#..'....♣ ♣.# #..#....♣♣
♣.# ####.....♣♣ ♣.#
...#....≈.♣♣♣♣.###+#+###+##
...#...≈≈♣♣♣...#..........#
...#..≈≈≈≈..♣..'.⌠........#
##'#..≈≈≈≈≈≈♣..#...######+#
...#.≈≈≈≈≈≈....#.⌠.#
...#.≈≈≈≈≈.....#@3.#
...#.≈≈≈.......#K###
####...........#p3:#
.÷.÷...........#___#
▓▓▓▓▓▓▓▓▓▓▓▓▓▓▓▓▓▓▓▓


You could see a soul eater, a wizard, a kobold demonologist and a chaos spawn.

Vanquished Creatures
  A water elemental (D)
  A wolf (D)
  A human (D)
  An ooze (D)
  3 rats (D)
7 creatures vanquished.

Vanquished Creatures (others)
  2 draconian scorchers (D)
  A yaktaur (D)
3 creatures vanquished.

Grand Total: 10 creatures vanquished

Notes
Turn   | Place    | Note
--------------------------------------------------------------
     0 | D        | nuthulu the Minotaur Fighter began the quest for the Orb.
     0 | D        | Reached XP level 1. HP: 19/19 MP: 0/0
     8 | D        | Reached skill level 4 in Fighting
    56 | D        | Killed a yaktaur
    60 | D        | Reached skill level 5 in Shields
    60 | D        | Reached XP level 2. HP: 17/28 MP: 1/1
    75 | D        | Noticed a wolf
    81 | D        | Killed a wolf
    81 | D        | Reached skill level 5 in Fighting
    81 | D        | Reached skill level 5 in Armour
    81 | D        | Reached XP level 3. HP: 23/36 MP: 2/2
   144 | D        | Killed a white draconian scorcher
   171 | D        | Killed a white draconian scorcher
   196 | D        | Gained mutation: You possess an exceptional clarity of mind. [potion of mutation]
   196 | D        | Gained mutation: You are frail (-10% HP). [potion of mutation]
   196 | D        | Gained mutation: You have large cloven feet. [potion of mutation]
   197 | D        | Gained mutation: Your magical capacity is low (-10% MP). [potion of mutation]
   197 | D        | Gained mutation: Your spells are a little harder to cast, but a little more powerful. [potion of mutation]
   197 | D        | Gained mutation: Your spells are harder to cast, but more powerful. [potion of mutation]
   198 | D        | Lost mutation: You have large cloven feet. [potion of cure mutation]
   198 | D        | Lost mutation: You possess an exceptional clarity of mind. [potion of cure mutation]
   198 | D        | Lost mutation: Your magical capacity is low (-10% MP). [potion of cure mutation]
   198 | D        | Lost mutation: You are frail (-10% HP). [potion of cure mutation]
   233 | D        | Noticed a water elemental
   241 | D        | Killed a water elemental
   241 | D        | Reached skill level 6 in Fighting
   241 | D        | Reached XP level 4. HP: 31/45 MP: 3/3
   338 | D        | Found a radiant altar of Vehumet.
   338 | D        | Found a deep blue altar of Sif Muna.
   338 | D        | Found an ancient bone altar of Kikubaaqudgha.
   338 | D        | Noticed a wizard
   341 | D        | Noticed a soul eater
   348 | D        | Noticed a chaos spawn
   348 | D        | HP: 2/45 [soul eater[a kobold demonologist] (1)]
   348 | D        | Mangled by a soul eater

Vault maps used:
D:        dungeon_sprint_mu

Action                   |  1- 3 |  4- 6 || total
-------------------------+-------+-------++-------
Melee: War axe           |    23 |     5 ||    28
  Use: Potion            |     4 |       ||     4
       Scroll            |     1 |       ||     1
